 Dungeon Crawl Stone Soup version 0.30-a0-297-g0ec75d9ef4 (webtiles) character file.

Game seed: 8805730438242921433

181 scionoferis the Trooper (level 5, -1/42 HPs)
             Began as a Human Hexslinger on Oct 18, 2022.
             Slain by an orc wizard
             ... wielding a +2 dagger of venom
              (3 damage)
             ... on level 3 of the Dungeon.
             The game lasted 00:08:06 (2449 turns).

scionoferis the Trooper (Human Hexslinger)          Turns: 2449, Time: 00:08:07

Health: -1/42      AC:  2    Str: 10    XL:     5   Next: 92%
Magic:  6/6        EV: 13    Int: 15    God:
Gold:   36         SH:  0    Dex: 14    Spells: 5/6 levels left

rFire   . . .      SeeInvis .    a - +0 scimitar
rCold   . . .      Faith    .    (no shield)
rNeg    . . .      Spirit   .    c - +0 robe
rPois   .          Reflect  .    (no helmet)
rElec   .          Harm     .    (no cloak)
rCorr   .          Rampage  .    (no gloves)
Will    .....                    (no boots)
Stlth   +.........               (no amulet)
HPRegen 0.27/turn                (no ring)
MPRegen 0.10/turn                (no ring)

@: lethally poisoned (-1 -> -22)
A: no striking features
a: no special abilities


You were on level 3 of the Dungeon.
You visited 1 branch of the dungeon, and saw 3 of its levels.

You collected 124 gold pieces.
You spent 88 gold pieces at shops.

Inventory:

Hand Weapons
 a - a +0 scimitar (weapon)
 b - a +1 sling
Missiles
 g - 3 javelins
 l - 6 poisoned darts
 q - 2 throwing nets
Armour
 c - a +0 robe (worn)
Wands
 r - a wand of roots (10)
Scrolls
 e - a scroll of vulnerability
 h - a scroll of teleportation
 k - a scroll of enchant armour
 n - a scroll of enchant weapon
 o - a scroll of poison
 t - a scroll of identify
Potions
 f - a potion of might {unknown}
 i - 2 potions of haste {unknown}
 j - a potion of curing
 m - a potion of mutation {unknown}
 p - a potion of flight {unknown}
 s - a potion of attraction {unknown}


   Skills:
 * Level 3.8 Fighting
 - Level 2.0 Ranged Weapons
 + Level 2.3 Armour
 + Level 3.2 Dodging
 - Level 1.0 Spellcasting
 - Level 3.0 Hexes


You had 5 spell levels left.
You knew the following spells:

 Your Spells              Type           Power      Damage    Failure   Level
a - Slow                  Hex            36%        N/A       7%          1

Your spell library contained the following spells:

 Spells                   Type           Power      Damage    Failure   Level
 Inner Flame              Hex/Fire       5%         N/A       36%         3
 Portal Projectile        Hex/Tloc       10%        N/A       36%         3
 Cause Fear               Hex            4%         N/A       56%         4


Dungeon Overview and Level Annotations

Branches:
Dungeon (3/15)

Altars:

Shops:
D:1 (!:!!


Message History

You feel extremely sick. Something hits you.
* * * LOW HITPOINT WARNING * * *
You are more poisoned.
Unknown command.
You feel better. Something hits you.
* * * LOW HITPOINT WARNING * * *
You feel much better. Something hits you.
You are poisoned.
You closely miss something.
You feel very sick. Something hits you.
* * * LOW HITPOINT WARNING * * *
You are more poisoned.
You hear some strange, mumbled words.
You are confused.
You feel better. Something hits you.
You are poisoned.
You feel much better.
You feel sick.
You hear some strange, mumbled words.
Something tries to affect you, but you resist.
You miss something.
You feel sick. Something hits you.
You are more poisoned.
You barely miss something.
You feel very sick. Something hits you.
You are more poisoned.
Something hits you.
You are lethally poisoned!
You slash something!
* * * LOW HITPOINT WARNING * * *
You feel extremely sick. Something hits you.
* * * LOW HITPOINT WARNING * * *
You are more poisoned.
You hit something but do no damage.
* * * LOW HITPOINT WARNING * * *
You feel extremely sick. Something hits you.
You die...

#.##.##
###.#...####.........#
......[....+.........+
###.#...####.........
#.....## .......
#..##.# ..... #...#.#
... #.#.#.# #{#
#.#.#.# #@# #.....#
#####.####.## ###.###
#.†.......... ###.###
#.##...##..#. #.....#
#.#.....# .. #.....#
#.##...##
#.....#####.###.##
#.....†.....# ###
#.....#######


There were no monsters in sight!

Vanquished Creatures
  A necrophage (D:2)
  3 gnolls (D:3)
  4 adders
  A worm (D:2)
  3 orcs (D:3)
  6 endoplasms
  5 giant cockroaches
  3 goblins (D:1)
  4 hobgoblins
  4 jackals (D:2)
  3 quokkas
  2 ball pythons
  2 bats (D:1)
  2 frilled lizards
  4 kobolds
  A rat (D:1)
48 creatures vanquished.

Notes
Turn   | Place    | Note
-------+----------+-------------------------------------------
     0 | D:1      | scionoferis the Human Hexslinger began the quest for the
                  | Orb.
     0 | D:1      | Reached XP level 1. HP: 15/15 MP: 2/2
    64 | D:1      | Reached XP level 2. HP: 7/21 MP: 0/3
   177 | D:1      | Found Kanaunat's Distillery.
   195 | D:1      | Found Lata's Distillery.
   267 | D:1      | Found Takuuq's Weapon Emporium.
   369 | D:1      | Found Pammim's Distillery.
   478 | D:1      | Reached XP level 3. HP: 27/27 MP: 4/4
   521 | D:1      | Reached skill level 1 in Armour
   651 | D:1      | Found a faded altar of an unknown god.
   929 | D:1      | Found Ruydix's Book Shoppe.
  1316 | D:2      | Reached XP level 4. HP: 34/34 MP: 5/5
  1475 | D:2      | Noticed a necrophage
  1727 | D:2      | Killed a necrophage
  1728 | D:2      | Reached XP level 5. HP: 12/41 MP: 6/6
  2064 | D:1      | Bought a potion of heal wounds for 55 gold pieces
  2064 | D:1      | Bought a potion of curing for 33 gold pieces
  2449 | D:3      | HP: 2/42 [poisoned by an orc wizard]
  2449 | D:3      | Slain by an orc wizard

Illustrated notes

Levels and vault maps discovered:
D:1:      erik_arrival_cave_to_civilisation [erik_arrival_cave_to_hall],
          layout_basic, hellmonk_ecumenical_altar_heavens_door, serial_shops,
          shop_fountains, nicolae_lakefront_shop, shop_fountains, shop, shop,
          minmay_tetromino_l2
D:2:      layout_rooms, grunt_ministairs_9
D:3:      layout_loops_corners, grunt_qazlal_sundering, minmay_crystal_room

Skill      XL: |  1  2  3  4 |
---------------+-------------+-----
Fighting       | 2 3 |  3.8
Armour         | 1 2 |  2.3
Dodging        | 3 |  3.2
Ranged Weapons | |  2.0
Spellcasting   | |  1.0
Hexes          | |  3.0

Action                   |  1- 3 |  4- 6 || total
-------------------------+-------+-------++-------
Melee: Scimitar          |       |    45 ||    45
 Fire: Sling             |   100 |    39 ||   139
 Cast: Slow              |     3 |     5 ||     8
  Use: Scroll            |       |     4 ||     4
       Potion            |       |     4 ||     4
Armor: Robe              |    10 |     6 ||    16
Dodge: Dodged            |    39 |    38 ||    77

Table legend: (Time is in decaauts)
 A = Elapsed time spent in this place.
 B = Non-inter-level travel time spent in this place.
 C = Inter-level travel time spent in this place.
 D = Time resting spent in this place.
 E = Time spent auto-exploring this place.
 F = Levels seen in this place.
 G = Mean time per level.
                   A        B        C        D        E       F      G
               +--------+--------+--------+--------+--------+-----+--------+
         Total |   2505 |   2348 |    157 |    140 |   1679 |   3 |  835.0 |
       Dungeon |   2505 |   2348 |    157 |    140 |   1679 |   3 |  835.0 |
               +--------+--------+--------+--------+--------+-----+--------+

Top non-repeatable levels by time:
     D:1: 1274 daAuts
     D:2: 854 daAuts
     D:3: 376 daAuts
